 Dungeon Crawl Stone Soup version 0.31.0-4-g52a2dc7128 (webtiles) character file.

Game seed: 12804656719630551511

115 Gottschkopf the Ducker (level 5, 0/35 HPs)
             Began as a Merfolk Earth Elementalist on Jan 21, 2024.
             Was a Follower of Kikubaaqudgha.
             Killed by divine providence
             ... invoked by an orc priest
              (7 damage)
             ... on level 3 of the Dungeon.
             The game lasted 00:06:28 (2482 turns).

Gottschkopf the Ducker (Merfolk Earth Elementalist) Turns: 2482, Time: 00:06:29

Health: 0/35       AC:  3    Str:  9    XL:     5   Next: 0%
Magic:  4/9        EV: 13    Int: 16    God:    Kikubaaqudgha [*.....]
Gold:   145        SH:  0    Dex: 14    Spells: 8/9 levels left

rFire   . . .        h - +2 whip (venom)
rCold   . . .        (no shield)
rNeg    . . .        a - +0 robe
rPois   .            j - +0 helmet
rElec   .            (no cloak)
rCorr   .            (no gloves)
SInv    .            (no boots)
Will    .....        (no amulet)
Stlth   ++           (no ring)
HPRegen 0.25/turn    (no ring)
MPRegen 0.11/turn

%: no passive effects
@: no status effects
A: (nimble swimmer 2), mertail
a: Renounce Religion, Unearth Wretches


You were on level 3 of the Dungeon.
You worshipped Kikubaaqudgha.
Kikubaaqudgha was aware of your devotion.
You visited 1 branch of the dungeon, and saw 3 of its levels.

You collected 145 gold pieces.

Inventory:

Hand Weapons
 h - a +2 whip of venom (weapon)
Armour
 a - a +0 robe (worn)
 j - a +0 helmet (worn)
Scrolls
 c - 2 scrolls of blinking {unknown}
 d - 3 scrolls of silence {unknown}
 f - a scroll of immolation {unknown}
 g - 2 scrolls of amnesia {unknown}
 i - a scroll of summoning {unknown}
 k - a scroll of identify {unknown}
 l - a scroll of teleportation {unknown}
Potions
 b - a potion of magic
 e - 2 potions of cancellation {unknown}


   Skills:
 + Level 4.0 Dodging
 - Level 2.1 Stealth
 + Level 2.8 Spellcasting
 + Level 2.0 Conjurations
 + Level 3.0 Earth Magic


You had 8 spell levels left.
You knew the following spells:

 Your Spells              Type           Power      Damage    Failure   Level
a - Sandblast             Erth           24%        2d8       5%          1

Your spell library contained the following spells:

 Spells                   Type           Power      Damage    Failure   Level
 Kiss of Death            Conj/Necr      20%        2d7       13%         1
 Passwall                 Erth           12%        N/A       16%         3
 Necrotise                Necr           8%         1d4       19%         1
 Stone Arrow              Conj/Erth      20%        3d8       21%         3
 Call Imp                 Summ           4%         N/A       28%         2
 Cigotuvi's Dreadful Rot  Necr/Alch/Air  4%         N/A       28%         2
 Sublimation of Blood     Necr           2%         N/A       28%         2
 Brom's Barrelling Bould  Conj/Erth      10%        2d3       56%         4
 Petrify                  Alch/Erth      7%         N/A       71%         4
 Animate Dead             Necr           2%         N/A       88%         4
 Summon Hydra             Summ           1%         N/A       100%        7


Dungeon Overview and Level Annotations

Branches:
Dungeon (3/15)

Altars:
Dithmenos
Kikubaaqudgha


Innate Abilities, Weirdness & Mutations

((You are very nimble when in or above water. (Stealth+, EV+, Speed+++)))
Your lower body shifts to a powerful aquatic tail in water.


Message History

You have reached level 5!
You feel stronger.
Found a silver ring.
An orc priest comes into view. It is wielding a +0 short sword.
Casting: Sandblast (safe; 5% risk of failure)
Confirm with . or Enter, or press ? or * to list all spells.
The blast of sand hits the orc.
The orc is lightly wounded.
The orc priest shouts!
The orc priest looks encouraged for a moment.
The orc priest casts a cantrip, but nothing happens.
Casting: Sandblast (safe; 5% risk of failure)
Confirm with . or Enter, or press ? or * to list all spells.
The blast of sand hits the orc but does no damage.
The orc is lightly wounded.
Casting: Sandblast (safe; 5% risk of failure)
Confirm with . or Enter, or press ? or * to list all spells.
The blast of sand hits the orc but does no damage.
The orc is lightly wounded.
The orc hits you with a +0 club.
The orc priest looks encouraged for a moment.
Casting: Sandblast (safe; 5% risk of failure)
Confirm with . or Enter, or press ? or * to list all spells.
The blast of sand hits the orc but does no damage.
The orc is lightly wounded.
The orc barely misses you.
The orc priest mumbles some strange prayers to Beogh against you.
Beogh smites you!
You are too injured to fight recklessly!
You are too injured to fight recklessly!
You are too injured to fight recklessly!
The orc priest calls down the wrath of Beogh upon you.
Beogh smites you!
* * * LOW HITPOINT WARNING * * *
The orc priest miscasts a cantrip.
You closely miss the orc.
The orc is lightly wounded.
The orc priest calls down the wrath of Beogh upon you.
Beogh smites you!
You die...
Kikubaaqudgha rasps: "You have failed me!
Welcome... death!"

#...# #...##....† ..=...#
....###...##..... .......
#...##....#.##.. .......
#...####.#.##.. .......
#.......#.##.. .......
#⌠_.....#.##.. .......
##.......#.##..
####...####...######.##..
..oo.†.o@#...## ........
########o...## ###.##..
#.......## .......
#.###..## .###.#.# .....
...... ####$.. ..#.#.#
#...# ##...#. #...# ...
.. #####


You could see 3 orc priests and an orc.

Vanquished Creatures
  4 adders (D:2)
  3 dart slugs
  4 bats
  5 endoplasms
  5 giant cockroaches
  14 goblins
  7 hobgoblins
  A jackal (D:2)
  5 quokkas
  2 ball pythons
  3 frilled lizards
  6 kobolds
  6 rats
65 creatures vanquished.

Notes
Turn   | Place    | Note
-------+----------+-------------------------------------------
     0 | D:1      | Gottschkopf the Merfolk Earth Elementalist began the quest
                  | for the Orb.
     0 | D:1      | Reached XP level 1. HP: 13/13 MP: 3/3
   205 | D:1      | Reached skill level 1 in Conjurations
   209 | D:1      | Reached XP level 2. HP: 9/19 MP: 1/5
   214 | D:1      | Reached skill level 3 in Dodging
   688 | D:1      | Reached XP level 3. HP: 22/24 MP: 0/6
  1494 | D:2      | Reached XP level 4. HP: 28/30 MP: 2/7
  2303 | D:3      | Found a shadowy altar of Dithmenos.
  2343 | D:3      | Reached skill level 4 in Dodging
  2456 | D:3      | Found a faded altar of an unknown god.
  2463 | D:3      | Prayed at the altar of an unknown god.
  2463 | D:3      | Became a worshipper of Kikubaaqudgha
  2463 | D:3      | Reached * piety under Kikubaaqudgha
  2463 | D:3      | Received a gift from Kikubaaqudgha
  2476 | D:3      | Reached XP level 5. HP: 28/35 MP: 7/9
  2482 | D:3      | Killed from afar by an orc priest

Illustrated notes

Levels and vault maps discovered:
D:1:      evilmike_arrival_rings, layout_basic, serial_curves, eino_curves_04,
          eino_curves_02
D:2:      minmay_angry_zag, layout_basic
D:3:      layout_basic, nicolae_uskayaw_dance_hall,
          nicolae_dithmenos_the_darkroom, hellmonk_ecumenical_altar_crossroads

Skill      XL: |  1  2  3  4 |
---------------+-------------+-----
Conjurations   | 1 2 |  2.0
Dodging        | 3 4 |  4.0
Earth Magic    | 3 |  3.0
Stealth        | |  2.1
Spellcasting   | |  2.8

Action                     |  1- 3 |  4- 6 || total
---------------------------+-------+-------++-------
  Melee: Short sword       |    17 |       ||    17
         Unarmed           |     3 |       ||     3
         Punch             |     1 |       ||     1
         Dagger            |    17 |       ||    17
         Whip              |     4 |     5 ||     9
   Cast: Sandblast         |    52 |    40 ||    92
   Stab: Sleeping          |     1 |       ||     1
 Armour: Robe              |    28 |    10 ||    38
  Dodge: Dodged            |    31 |    12 ||    43
